 Dungeon Sprint DCSS version 0.24-a0-170-gd8427f5 (webtiles) character file.

Game seed: 5583333845472885393

48 Dfrag the Fighter (level 7, -2/97 HPs)
             Began as a Demonspawn Berserker on Mar 10, 2019.
             Was an Elder of Trog.
             Slain by a spiny frog (15 damage)
             ... in the Dungeon (Sprint VI: "Thunderdome").
             The game lasted 00:02:08 (419 turns).

Dfrag the Fighter (Demonspawn Berserker)             Turns: 419, Time: 00:02:09

Health: -2/97      AC:  2    Str: 22    XL:     7   Next: 22%
Magic:  17/17      EV: 15    Int: 11    God:    Trog [****..]
Gold:   145        SH:  0    Dex: 18    Spells: 6/6 levels left

rFire    + . .     SeeInvis +   a - +0 falchion
rCold    . . .     Gourm    .   (no shield)
rNeg     + . .     Faith    .   b - +0 animal skin
rPois    .         Spirit   .   (helmet unavailable)
rElec    .         Reflect  .   (no cloak)
rCorr    .         Harm     .   (no gloves)
MR       .....     NoTele   +   (no boots)
Stlth    ..........             p - amulet "Sycaishos" {+Rage rF+}
HPRegen  0.26/turn              o - ring "Jeot" {+Blink rN+ Dex+3 Slay+5}
MPRegen  0.15/turn              n - ring of Devotion {MP+9 Int+3 Slay+4}

@: berserking, lethally poisoned (-2 -> -8), very quick
A: antennae 3
a: Berserk, Trog's Hand, Brothers in Arms, Renounce Religion, Evoke Blink, Evoke
Berserk Rage


You were in the Dungeon.
You worshipped Trog.
Trog was greatly pleased with you.
You were very hungry.

You visited 1 branch You collected 280 gold pieces.
You spent 135 gold pieces at shops.

Inventory:

Hand Weapons
 a - a +0 falchion (weapon)
Armour
 b - a +0 animal skin (worn)
Jewellery
 n - the ring of Devotion (right hand) {MP+9 Int+3 Slay+4}
   (You bought it in a shop in the Dungeon)

   [ring of magical power]

   It affects your intelligence (+3).
   It affects your accuracy and damage with ranged weapons and melee attacks
   (+4).
   It affects your magic capacity (+9).
 o - the ring "Jeot" (left hand) {+Blink rN+ Dex+3 Slay+5}
   (You bought it in a shop in the Dungeon)

   [ring of dexterity]

   It affects your dexterity (+3).
   It affects your accuracy and damage with ranged weapons and melee attacks
   (+5).
   It protects you from negative energy.
   It lets you blink.
 p - the amulet "Sycaishos" (around neck) {+Rage rF+}
   (You bought it in a shop in the Dungeon)

   [amulet of rage]

   It protects you from fire.
   It lets you go berserk.
Wands
 j - a wand of acid (4)
 k - a wand of iceblast (3)
Scrolls
 i - 4 scrolls of blinking
 l - 3 scrolls of fog
Potions
 d - a potion of curing
 e - 4 potions of heal wounds
 f - 4 potions of haste
 g - 2 potions of magic
 h - a potion of berserk rage
 m - a potion of resistance
Comestibles
 c - a ration
 q - 8 chunks of flesh


   Skills:
 + Level 9.9 Fighting
 + Level 9.6 Long Blades
 + Level 4.8 Armour
 + Level 4.9 Dodging
 + Level 0.2 Stealth
 + Level 2.5 Evocations


You had 6 spell levels left.
You didn't know any spells.
Your spell library was empty.

Dungeon Overview and Level Annotations

Branches:
Dungeon (1/1)

Altars:
Cheibriados
Dithmenos
Fedhas
Gozag
Kikubaaqudgha
Makhleb
Okawaru
Qazlal
Ru
Sif Muna
Trog
Uskayaw
Vehumet
Wu Jian
Xom
Yredelemnul
Zin
The Shining One
Beogh
Jiyva
Lugonu

Shops:
D *[%??*?*:[((!!!!


Innate Abilities, Weirdness & Mutations

You have a pair of large antennae on your head. (SInv)


Message History

The bolt of acid hits the spiny frog!
The spiny frog is splashed with acid.
The acid corrodes the spiny frog!
The spiny frog is moderately wounded.
The spiny frog barely misses you.
Unknown command.
You hit the spiny frog.
The spiny frog is moderately wounded.
The spiny frog stings you!!
* * * LOW HITPOINT WARNING * * *
You slash the spiny frog!
The spiny frog is heavily wounded.
The spiny frog stings you.
* * * LOW HITPOINT WARNING * * *
You are poisoned.
The spiny frog poisons you!
A red film seems to cover your vision as you go berserk!
You feel yourself moving faster!
You feel mighty!
You are feeling very hungry.
You feel sick. The spiny frog stings you!
You die...

#............÷###.............#
⌠..........###...###.)........⌠
⌠..........# #.<.# #..........⌠
⌠..........###...###..........⌠
#.............###.............#
###∩........8.# #.8........∩###
##∩___.....)###......___∩##
######.8.........8.######
#⌠.....F@....⌠# ###.........###
#_......._# #_......._#
#.........# #∩.......∩#
##∩.....∩## ##.....## ##⌠⌠⌠##


You could see a spiny frog.

Vanquished Creatures
  A spiny frog (D)
  3 bullfrogs (D)
  A killer bee (D)
  4 worker ants (D)
  5 orcs (D)
14 creatures vanquished.

Notes
Turn   | Place    | Note
-------+----------+-------------------------------------------
     0 | D        | Dfrag the Demonspawn Berserker began the quest for the Orb.
     0 | D        | Reached XP level 1. HP: 18/18 MP: 1/1
     1 | D        | Found a bloodstained altar of Trog.
     1 | D        | Found a hide-covered altar of Uskayaw.
     2 | D        | Found a roughly hewn altar of Beogh.
     3 | D        | Found a glowing golden altar of the Shining One.
     3 | D        | Found a burning altar of Makhleb.
     4 | D        | Found Justuxec's Delicious Food.
     4 | D        | Found an ancient bone altar of Kikubaaqudgha.
     4 | D        | Found a corrupted altar of Lugonu.
     4 | D        | Found Usaec's Identification Station.
     5 | D        | Found Azauzic's Jewellery.
     5 | D        | Found Woatwaat's Advanced Armour.
     5 | D        | Round 1.
     6 | D        | Found a basalt altar of Yredelemnul.
    13 | D        | Bought a pitted silver ring for 45 gold pieces
    13 | D        | Bought a clouded steel ring for 45 gold pieces
    13 | D        | Bought a fine steel amulet for 45 gold pieces
    13 | D        | Identified the amulet "Sycaishos" {+Rage rF+} (You bought
                  | it in a shop in the Dungeon)
    14 | D        | Identified the ring "Jeot" {+Blink rN+ Dex+3 Slay+5} (You
                  | bought it in a shop in the Dungeon)
    15 | D        | Identified the ring of Devotion {MP+9 Int+3 Slay+4} (You
                  | bought it in a shop in the Dungeon)
    26 | D        | Found a shimmering altar of Xom.
    27 | D        | Found a sacrificial altar of Ru.
    27 | D        | Found a snail-covered altar of Cheibriados.
    27 | D        | Found Siraefoh's Magic Scroll Shop.
    27 | D        | Found Moho's Staff Store.
    28 | D        | Found Edihepeifo's Magic Scroll Shop.
    28 | D        | Found Dauz's Must-Have Magic.
    32 | D        | Found an opulent altar of Gozag.
    33 | D        | Found a radiant altar of Vehumet.
    34 | D        | Found a deep blue altar of Sif Muna.
    35 | D        | Found Boen's Distillery.
    35 | D        | Found a shadowy altar of Dithmenos.
    35 | D        | Found an ornate altar of the Wu Jian Council.
    35 | D        | Found a glowing silver altar of Zin.
    35 | D        | Found Aheuguw's Do-It-Yourself Clinic.
    36 | D        | Found Ethraj's Distillery.
    36 | D        | Found Wynaez's Bottled Wisdom.
    42 | D        | Found a stormy altar of Qazlal.
    43 | D        | Found a viscous altar of Jiyva.
    45 | D        | Found Ucsiacsa's Weapon Rack.
    46 | D        | Found an iron altar of Okawaru.
    46 | D        | Found a blossoming altar of Fedhas.
    46 | D        | Found Xioghali's Premium Goods.
    46 | D        | Found Guidghen's Basic Armour.
    46 | D        | Found Mikluq's Miscellaneous Merchandise.
    81 | D        | Reached ** piety under Trog
    89 | D        | Gained mutation: You have a pair of small antennae on your
                  | head. [demonic ancestry]
    89 | D        | Reached XP level 2. HP: 22/25 MP: 2/2
   105 | D        | Arena points: 12 (+12) [x2]
   143 | D        | Round 2.
   145 | D        | Noticed a killer bee
   154 | D        | Killed a killer bee
   154 | D        | Reached skill level 5 in Fighting
   154 | D        | Reached XP level 3. HP: 7/33 MP: 3/3
   193 | D        | Reached *** piety under Trog
   193 | D        | Reached skill level 5 in Long Blades
   193 | D        | Reached XP level 4. HP: 16/40 MP: 4/4
   249 | D        | Reached skill level 1 in Evocations
   279 | D        | Arena points: 48 (+36) [x3]
   279 | D        | Gained mutation: You have a pair of antennae on your head.
                  | [demonic ancestry]
   279 | D        | Reached XP level 5. HP: 17/48 MP: 5/5
   327 | D        | Round 3.
   332 | D        | Noticed a spiny frog
   345 | D        | Killed a spiny frog
   345 | D        | Reached XP level 6. HP: 22/58 MP: 7/7
   346 | D        | Reached **** piety under Trog
   376 | D        | Noticed a spiny frog
   392 | D        | Gained mutation: You have a pair of large antennae on your
                  | head. (SInv) [demonic ancestry]
   392 | D        | Reached XP level 7. HP: 39/65 MP: 8/8
   419 | D        | Slain by a spiny frog

Levels and vault maps discovered:
D:        arena_sprint

Skill      XL: |  1  2  3  4  5  6 |
---------------+-------------------+-----
Long Blades    | 3 4 5 6 8 9 |  9.6
Armour         | 2 3 4 |  4.8
Dodging        | 2 3 4 |  4.9
Fighting       | 5 7 9 |  9.9
Evocations     | 1 2 |  2.5
Stealth        | |  0.2

Action                   |  1- 3 |  4- 6 |  7- 9 || total
-------------------------+-------+-------+-------++-------
Melee: Falchion          |    13 |    16 |     6 ||    35
Invok: Trog's Hand       |     1 |     3 |       ||     4
       Berserk           |       |     2 |     1 ||     3
 Abil: Evoke Berserk Rag |     1 |       |       ||     1
Evoke: Wand              |     1 |     1 |     1 ||     3
  Eat: Chunk             |       |     2 |       ||     2
Armor: Animal skin       |       |     2 |     1 ||     3
Dodge: Dodged            |     5 |     9 |     2 ||    16
       Rpst.: Falchion   |     1 |     4 |       ||     5

Table legend:
 A = Non-vault XP
 B = Vault XP
 C = Vault XP percentage of total XP
 D = Non-vault monster count
 E = Vault monster count
 F = Vault count percentage of total count
                 A         B        C        D         E       F
            +---------+---------+-------+---------+---------+-------
      Total |     890 |       0 |   0.0 |      14 |       0 |   0.0
            +---------+---------+-------+---------+---------+-------
          D |     890 |       0 |   0.0 |      14 |       0 |   0.0
            +---------+---------+-------+---------+---------+-------
